 Dungeon Crawl Stone Soup version 0.20-a0-901-g27f6fa8 (webtiles) character file.

58 Patate the Sneak (level 3, 0/16 HPs)
             Began as a Spriggan Enchanter on Mar 19, 2017.
             Slain by a kobold
             ... wielding a +0 whip
              (4 damage)
             ... on level 2 of the Dungeon.
             The game lasted 00:04:14 (1337 turns).

Patate the Sneak (Spriggan Enchanter)               Turns: 1337, Time: 00:04:15

Health: 0/16       AC:  2    Str:  5    XL:     3   Next: 76%
Magic:  6/8        EV: 19    Int: 16    God:
Gold:   108        SH:  0    Dex: 16    Spells: 4/7 levels left

rFire    . . .     SeeInvis +   a - +1 dagger
rCold    . . .     Gourm    .   b - +0 robe
rNeg     . . .     Faith    .   (shield restricted)
rPois    .         Spirit   .   (helmet restricted)
rElec    .         Reflect  .   (no cloak)
rCorr    .         Harm     .   (gloves unavailable)
MR       .....                  (boots unavailable)
Stlth    +++.......             (no amulet)
Regen    0.1/turn               (no ring)
MPRegen  0.2/turn               (no ring)

@: very slightly contaminated, very quick
A: unfitting armour, see invisible, herbivore 3, speed 3, slow metabolism 2
a: no special abilities


You were on level 2 of the Dungeon.
You were not hungry.

You visited 1 branch of the dungeon, and saw 2 of its levels.

You collected 108 gold pieces.

Inventory:

Hand Weapons
 a - a +1 dagger (weapon)
Armour
 b - a +0 robe (worn)
Scrolls
 e - 3 scrolls of identify {unknown}
 f - 2 scrolls of remove curse {unknown}
 h - 2 scrolls of immolation {unknown}
 j - a scroll of recharging {unknown}
 k - a scroll of teleportation {unknown}
Potions
 g - a potion of flight {unknown}
 i - a potion of invisibility {unknown}
Books
 c - a book of Maledictions

   Spells                             Type                      Level
   a - Corona                         Hexes                        1
   b - Ensorcelled Hibernation        Hexes/Ice                    2
   c - Confuse                        Hexes                        3
   d - Tukima's Dance                 Hexes                        3
   e - Dazzling Spray                 Conjuration/Hexes            3
Comestibles
 d - a bread ration


   Skills:
 - Level 1.1 Short Blades
 + Level 4.1 Dodging
 * Level 6.5 Stealth
 - Level 2.6 Spellcasting
 - Level 3.6 Hexes


You had 4 spell levels left.
You knew the following spells:

 Your Spells              Type           Power        Failure   Level  Hunger
a - Corona                Hex            ##.....      6%          1    #......
b - Ensorcelled Hibernat  Hex/Ice        #.....       17%         2    ##.....


Dungeon Overview and Level Annotations

Branches:
Dungeon (2/15)

Altars:


Innate Abilities, Weirdness & Mutations

You are very small and have problems with some larger weapons.
You are too small for most types of armour.
You have supernaturally acute eyesight. (SInv)
You are a herbivore.
You cover ground extremely quickly.
You need consume almost no food.


Message History

You hit the kobold but do no damage. The kobold hits you with a whip!
Ouch! That really hurt!
You hit the kobold but do no damage. The kobold hits you with a whip.
There is a stone staircase leading down here.
The kobold throws a stone.
The stone hits you.
* * * LOW HITPOINT WARNING * * *
You see here a stone.
The kobold throws a stone.
The stone completely misses you.
You see here a stone.
The kobold throws a stone.
The stone completely misses you.
Casting: Ensorcelled Hibernation
Confirm with . or Enter, or press ? or * to list all spells.
Aiming: Ensorcelled Hibernation
Press: ? - help, Shift-Dir - straight line, f - kobold
Aim: a kobold, wielding a whip (chance to defeat MR: 56%)
You miscast Ensorcelled Hibernation.
You are very lightly contaminated with residual magic.
The light around you dims momentarily. The kobold hits you with a whip.
You die...

##.# #.#
#.g..... #.# #.#
#.###### #.# #.#
#.# #.# #.# #!#
#.# #.# #g# #.#
#.# #.# #.# #.#
.g# ##.##
#.##.##
##(@K####.##.#
#.###.#.K....##
#.# #..>........
#.###(#.........
##.(.##......###
######......#
######.# ... ##


You could see a kobold.

Vanquished Creatures
  Natasha (D:2)
  A gnoll (D:2)
  A dart slug (D:2)
  4 leopard geckos (D:1)
  2 giant cockroaches (D:1)
  3 goblins (D:1)
  A hobgoblin (D:1)
  A frilled lizard (D:2)
  6 rats
20 creatures vanquished.

Notes
Turn   | Place    | Note
-------+----------+-------------------------------------------
     0 | D:1      | Patate the Spriggan Enchanter began the quest for the Orb.
     0 | D:1      | Reached XP level 1. HP: 9/9 MP: 5/5
     1 | D:1      | Noticed an octopode
     3 | D:1      | Noticed an ogre
     3 | D:1      | Noticed a human
     5 | D:1      | Noticed a human
     6 | D:1      | Noticed a gargoyle
     8 | D:1      | Noticed a formicid
     9 | D:1      | Noticed a draconian
    11 | D:1      | Noticed a felid
    11 | D:1      | Noticed a dwarf
    13 | D:1      | Noticed an ogre
    15 | D:1      | Noticed a centaur
    17 | D:1      | Noticed a dwarf
    17 | D:1      | Noticed a vampire
   346 | D:1      | Reached skill level 5 in Stealth
   346 | D:1      | Reached XP level 2. HP: 8/13 MP: 6/6
   350 | D:1      | Learned a level 2 spell: Ensorcelled Hibernation
  1066 | D:2      | Reached skill level 6 in Stealth
  1066 | D:2      | Reached XP level 3. HP: 16/16 MP: 0/8
  1282 | D:2      | Noticed Natasha
  1288 | D:2      | Killed Natasha
  1337 | D:2      | Slain by a kobold

Vault maps used:
D:1:      shiori_arrival_whats_in_store_for_you, minivault_24,
          minmay_tetromino_l2
D:2:      nemelex_spade_bored_becter, uniq_jessica, uniq_natasha

Skill      XL: |  1  2  3 |
---------------+----------+-----
Stealth        | 5 6 |  6.5
Dodging        | 4 |  4.1
Short Blades   | |  1.1
Spellcasting   | |  2.6
Hexes          | |  3.6

Action                   || total
-------------------------++-------
Melee: Dagger            ||    93
 Cast: Ensorcelled Hiber ||     8
 Stab: Sleeping          ||     9
Armor: Robe              ||     5
Dodge: Dodged            ||    79
